 Dungeon Crawl Stone Soup version 0.30-a0-377-g5cb311bc9f (webtiles) character file.

Game seed: 17693591188077187286

10 tio the Trooper (level 2, -3/27 HPs)
             Began as a Minotaur Berserker on Nov 28, 2022.
             Was a Follower of Trog.
             Succumbed to their own poison gas
             ... on level 1 of the Dungeon.
             The game lasted 00:11:31 (691 turns).

tio the Trooper (Minotaur Berserker)                 Turns: 691, Time: 00:11:32

Health: -3/27      AC:  5    Str: 21    XL:     2   Next: 10%
Magic:  1/1        EV: 11    Int:  4    God:    Trog [*.....]
Gold:   28         SH:  0    Dex:  9    Spells: 1/1 levels left

rFire   . . .      SeeInvis .    a - +1 falchion
rCold   . . .      Faith    .    (no shield)
rNeg    . . .      Spirit   .    e - +0 ring mail
rPois   .          Reflect  .    (helmet restricted)
rElec   .          Harm     .    (no cloak)
rCorr   +          Rampage  .    (no gloves)
Will    .....                    (no boots)
Stlth   ..........               (no amulet)
HPRegen 0.24/turn                c - ring of resist corrosion
MPRegen 0.07/turn                (no ring)

@: lethally poisoned (-3 -> -25), flying
A: horns 2, retaliatory headbutt
a: Renounce Religion, Berserk


You were on level 1 of the Dungeon.
You worshipped Trog.
Trog was aware of your devotion.
You visited 1 branch of the dungeon, and saw 1 of its levels.

You collected 28 gold pieces.

Inventory:

Hand Weapons
 a - a +1 falchion (weapon)
Armour
 b - a +0 animal skin
 e - a +0 ring mail (worn)
Jewellery
 c - a ring of resist corrosion (left hand)


   Skills:
 + Level 4.0 Fighting
 + Level 3.9 Long Blades
 + Level 2.5 Armour
 + Level 2.3 Dodging


You had one spell level left.
You didn't know any spells.
Your spell library contained the following spells:

 Spells                   Type           Power      Damage    Failure   Level
 Dazzling Flash           Conj/Hex       0%         N/A       95%         3
 Iskenderun's Mystic Bla  Conj/Tloc      0%         2d3       100%        4
 Starburst                Conj/Fire      0%         6d3       100%        6


Dungeon Overview and Level Annotations

Branches:
Dungeon (1/15)

Altars:


Innate Abilities, Weirdness & Mutations

You have a pair of horns on your head.
You reflexively headbutt those who attack you in melee.


Message History

Really walk into that cloud of poison gas? [Y]es or [N]o only, please.
Really walk into that cloud of poison gas? [Y]es or [N]o only, please.
Really walk into that cloud of poison gas? [Y]es or [N]o only, please.
Really walk into that cloud of poison gas? [Y]es or [N]o only, please.
Really walk into that cloud of poison gas?
Okay, then.
It was a potion of flight.
You feel very buoyant.
You fly up into the air.
* * * LOW HITPOINT WARNING * * *
You feel very sick.
Really fly into that cloud of poison gas? [Y]es or [N]o only, please.
Really fly into that cloud of poison gas? [Y]es or [N]o only, please.
Really fly into that cloud of poison gas? [Y]es or [N]o only, please.
Really fly into that cloud of poison gas? [Y]es or [N]o only, please.
Really fly into that cloud of poison gas? [Y]es or [N]o only, please.
Really fly into that cloud of poison gas? [Y]es or [N]o only, please.
Really fly into that cloud of poison gas? [Y]es or [N]o only, please.
Really fly into that cloud of poison gas? [Y]es or [N]o only, please.
Really fly into that cloud of poison gas? [Y]es or [N]o only, please.
Really fly into that cloud of poison gas? [Y]es or [N]o only, please.
Really fly into that cloud of poison gas?
You are engulfed in poison gas.
You are more poisoned.
* * * LOW HITPOINT WARNING * * *
You die...

###########.......#
##.#.#### ###.# #.#
#.#######
######§#☼§§§..
#§§☼§☼§§☼####.
#.##.##.☼§§§§§§..
......☼@#§#§☼§§..
#.##.###§.§§##### #
.§..§# ##§§§##
##§## #§# #.# ## +#
.####


There were no monsters in sight!

Vanquished Creatures
  A giant cockroach (D:1)
  A hobgoblin (D:1)
  3 jackals (D:1)
  2 bats (D:1)
  A frilled lizard (D:1)
  A rat (D:1)
9 creatures vanquished.

Notes
Turn   | Place    | Note
-------+----------+-------------------------------------------
     0 | D:1      | tio the Minotaur Berserker began the quest for the Orb.
     0 | D:1      | Reached XP level 1. HP: 19/19 MP: 0/0
   376 | D:1      | Reached XP level 2. HP: 27/27 MP: 1/1
   563 | D:1      | Reached skill level 4 in Fighting
   691 | D:1      | Succumbed to their own poison gas

Illustrated notes

Levels and vault maps discovered:
D:1:      saegor_arrival_simple_b, layout_loops_corners

Skill      XL: |  1  2 |
---------------+-------+-----
Fighting       | 4 |  4.0
Long Blades    | |  3.9
Armour         | |  2.5
Dodging        | |  2.3

Action                   || total
-------------------------++-------
Melee: Falchion          ||    23
       Headbutt          ||     1
  Use: Scroll            ||     3
       Potion            ||     1
Armor: Animal skin       ||     5
       Ring mail         ||     6
Dodge: Dodged            ||    15

Table legend: (Time is in decaauts)
 A = Elapsed time spent in this place.
 B = Non-inter-level travel time spent in this place.
 C = Inter-level travel time spent in this place.
 D = Time resting spent in this place.
 E = Time spent auto-exploring this place.
 F = Levels seen in this place.
 G = Mean time per level.
                   A        B        C        D        E       F      G
               +--------+--------+--------+--------+--------+-----+--------+
         Total |    693 |    192 |    501 |      0 |     77 |   1 |  693.0 |
       Dungeon |    693 |    192 |    501 |      0 |     77 |   1 |  693.0 |
               +--------+--------+--------+--------+--------+-----+--------+

Top non-repeatable levels by time:
     D:1: 693 daAuts
